TOP OF THE 1ST |
Columbia Fireflies batting - Pitching for Delmarva Shorebirds : RHP Dan Andersen
|
Pitching: RHP Dan Andersen
|
|
Batting: RHB Jay Charleston
|
0-0: Foul Ball, location: 2F 0-1: Ball 1-1: Called Strike 1-2: Ball 2-2: Foul Ball, location: 2F 2-2: Ground out 6-3 (Groundball, 6S, EV 68.8 MPH)
|
Batting: RHB Jaylen Hubbard
|
0-0: Ball 1-0: Called Strike 1-1: Called Strike 1-2: Ball 2-2: Ball 3-2: Base on Balls
|
Batting: RHB Braydon Webb
|
0-0: Called Strike 0-1: Ball 1-1: DOUBLE (Flyball, 8LXD, EV 110.6 MPH) Jaylen Hubbard to third Runner from 3rd tries for Home, SAFE, no throw by CF
|
Batting: LHB Spencer Brickhouse
|
0-0: Foul Ball, location: 2F 0-1: Called Strike 0-2: Strikes out swinging
|
Batting: LHB Chris Hamilton
|
0-0: Ball 1-0: Swinging Strike 1-1: Ball 2-1: Ball 3-1: Base on Balls
|
Batting: RHB Austin Wilhite
|
0-0: Swinging Strike 0-1: Fly out, F8 (Flyball, 8LD, EV 96.9 MPH)
|
Top of the 1st over - 1 run, 1 hit, 0 errors, 2 left on base; Columbia 1 - Delmarva 0 |
BOTTOM OF THE 1ST |
Delmarva Shorebirds batting - Pitching for Columbia Fireflies : RHP Cody Scroggins
|
Pitching: RHP Cody Scroggins
|
|
Batting: LHB Carson Wells
|
0-0: Fly out, F9 (Flyball, 9S, EV 96.9 MPH)
|
Batting: RHB Eric Fagan
|
0-0: Ball 1-0: Called Strike 1-1: Swinging Strike 1-2: Strikes out swinging, 2-3 out at first.
|
Batting: RHB Brennan Milone
|
0-0: Ball 1-0: Foul Ball, location: 2F 1-1: Called Strike 1-2: Strikes out swinging
|
Bottom of the 1st over - 0 runs, 0 hits, 0 errors, 0 left on base; Columbia 1 - Delmarva 0 |
TOP OF THE 2ND |
Columbia Fireflies batting - Pitching for Delmarva Shorebirds : RHP Dan Andersen
|
Batting: LHB Grant Witherspoon
|
0-0: Called Strike 0-1: Ball 1-1: Ball 2-1: Ground out 1-3 (Groundball, 23, EV 65.0 MPH)
|
Batting: RHB Mike J. Torres
|
0-0: Ball 1-0: Swinging Strike 1-1: Ball 2-1: Ball 3-1: SINGLE (Groundball, 5S, EV 60.0 MPH) (infield hit)
|
Batting: RHB Jacob Cooper
|
0-0: Ball Mike J. Torres steals 2nd base 1-0: Foul Ball, location: 2F 1-1: Ball 2-1: Ball 3-1: Fly out, F9 (Flyball, 9D, EV 102.5 MPH) Runner from 2nd tags up, SAFE at 3rd, no throw by RF
|
Batting: RHB Jay Charleston
|
0-0: Called Strike 0-1: Swinging Strike 0-2: Ball Wild Pitch! Mike J. Torres scores 1-2: Strikes out looking
|
Top of the 2nd over - 1 run, 1 hit, 0 errors, 0 left on base; Columbia 2 - Delmarva 0 |
BOTTOM OF THE 2ND |
Delmarva Shorebirds batting - Pitching for Columbia Fireflies : RHP Cody Scroggins
|
Batting: LHB Hunter Fitz-Gerald
|
0-0: Ball 1-0: Called Strike 1-1: Ground out U3 (Groundball, 3, EV 98.1 MPH)
|
Batting: LHB Johnny Ceccoli
|
0-0: Ball 1-0: Ball 2-0: Called Strike 2-1: Ball 3-1: Fly out, F7 (Line Drive, 7, EV 87.5 MPH)
|
Batting: RHB Lians Beato
|
0-0: Foul Ball, location: 2F 0-1: Swinging Strike 0-2: Ball 1-2: Foul Ball, location: 2F 1-2: Ball 2-2: Ball 3-2: SINGLE (Line Drive, 4D, EV 103.8 MPH)
|
Batting: RHB Gilberto Machado
|
0-0: Called Strike 0-1: Swinging Strike 0-2: Ball 1-2: SINGLE (Groundball, 4MD, EV 103.8 MPH) Lians Beato to second Runner from 2nd tries for 3rd, OUT! 8-5
|
Bottom of the 2nd over - 0 runs, 2 hits, 0 errors, 1 left on base; Columbia 2 - Delmarva 0 |
TOP OF THE 3RD |
Columbia Fireflies batting - Pitching for Delmarva Shorebirds : RHP Dan Andersen
|
Batting: RHB Jaylen Hubbard
|
0-0: Ball 1-0: Ball 2-0: Ball 3-0: Base on Balls
|
Batting: RHB Braydon Webb
|
0-0: Called Strike 0-1: Swinging Strike 0-2: Strikes out swinging
|
Batting: LHB Spencer Brickhouse
|
0-0: Called Strike 0-1: Foul Ball, location: 2F 0-2: Ball 1-2: Ball 2-2: Foul Ball, location: 2F 2-2: Fielders Choice at 2nd, 5-6 (Groundball, 6M, EV 106.9 MPH)
|
Batting: LHB Chris Hamilton
|
0-0: Fly out, F8 (Flyball, 78XD, EV 96.9 MPH)
|
Top of the 3rd over - 0 runs, 0 hits, 0 errors, 1 left on base; Columbia 2 - Delmarva 0 |
BOTTOM OF THE 3RD |
Delmarva Shorebirds batting - Pitching for Columbia Fireflies : RHP Cody Scroggins
|
Batting: RHB Dax Stubbs
|
0-0: Ball 1-0: Ball 2-0: Foul Ball, location: 2F 2-1: Ball 3-1: Called Strike 3-2: Strikes out looking
|
Batting: RHB Jim Unknown
|
0-0: SINGLE (Groundball, 6MD, EV 96.9 MPH)
|
Batting: LHB Carson Wells
|
0-0: Ball 1-0: Foul Ball, location: 2F 1-1: Ball 2-1: Swinging Strike 2-2: Ball 3-2: Foul Ball, location: 2F 3-2: Fly out, F7 (Line Drive, 7D, EV 86.2 MPH)
|
Batting: RHB Eric Fagan
|
0-0: Called Strike 0-1: Fly out, F8 (Flyball, 8LM, EV 77.5 MPH)
|
Bottom of the 3rd over - 0 runs, 1 hit, 0 errors, 1 left on base; Columbia 2 - Delmarva 0 |
TOP OF THE 4TH |
Columbia Fireflies batting - Pitching for Delmarva Shorebirds : RHP Dan Andersen
|
Batting: RHB Austin Wilhite
|
0-0: Ball 1-0: Ball 2-0: Called Strike 2-1: Foul Ball, location: 2F 2-2: Ball 3-2: DOUBLE (Line Drive, 9LS, EV 93.8 MPH)
|
Batting: LHB Grant Witherspoon
|
0-0: Ball 1-0: Called Strike 1-1: Ball 2-1: Ball 3-1: Foul Ball, location: 2F 3-2: Foul Ball, location: 2F 3-2: Ground out 5-3 (Groundball, 56, EV 90.0 MPH)
|
Batting: RHB Mike J. Torres
|
0-0: Ground out 6-3 (Groundball, 6, EV 95.6 MPH)
|
Batting: RHB Jacob Cooper
|
0-0: Called Strike 0-1: SINGLE (Groundball, 34D, EV 100.0 MPH) Austin Wilhite to third Throwing error, E9 Austin Wilhite scores Jacob Cooper to second
|
Batting: RHB Jay Charleston
|
0-0: Ground out 4-3 (Groundball, 4, EV 88.1 MPH)
|
Top of the 4th over - 1 run, 2 hits, 1 error, 1 left on base; Columbia 3 - Delmarva 0 |
BOTTOM OF THE 4TH |
Delmarva Shorebirds batting - Pitching for Columbia Fireflies : RHP Cody Scroggins
|
Batting: RHB Brennan Milone
|
0-0: Ball 1-0: Foul Ball, location: 2F 1-1: Ball 2-1: Ground out 4-3 (Groundball, 4MS, EV 86.9 MPH)
|
Batting: LHB Hunter Fitz-Gerald
|
0-0: Called Strike 0-1: Called Strike 0-2: Ball 1-2: Ball 2-2: DOUBLE (Groundball, 3L, EV 102.5 MPH)
|
Batting: LHB Johnny Ceccoli
|
0-0: Foul Ball, location: 9LSF, Error on foul ball, E9 0-1: Ground out 6-3 (Groundball, 4M, EV 101.9 MPH) Hunter Fitz-Gerald to third
|
Batting: RHB Lians Beato
|
0-0: Called Strike 0-1: Foul Ball, location: 2F 0-2: SINGLE (Groundball, 6D, EV 98.8 MPH) Hunter Fitz-Gerald scores
|
Batting: RHB Gilberto Machado
|
0-0: Called Strike 0-1: Ball Lians Beato steals 2nd base 1-1: Ball 2-1: Foul Ball, location: 2F 2-2: Ball 3-2: Ground out 5-3 (Groundball, 56, EV 89.4 MPH)
|
Bottom of the 4th over - 1 run, 2 hits, 1 error, 1 left on base; Columbia 3 - Delmarva 1 |
TOP OF THE 5TH |
Columbia Fireflies batting - Pitching for Delmarva Shorebirds : RHP Dan Andersen
|
Batting: RHB Jaylen Hubbard
|
0-0: Ball 1-0: Ball 2-0: Ball 3-0: Base on Balls
|
Batting: RHB Braydon Webb
|
0-0: Ball 1-0: Fly out, F7 (Flyball, 78M, EV 84.4 MPH)
|
Batting: LHB Spencer Brickhouse
|
0-0: Ball 1-0: Called Strike 1-1: Fielders Choice at 2nd, 4-6 (Groundball, 34D, EV 88.1 MPH)
|
Batting: LHB Chris Hamilton
|
0-0: Called Strike 0-1: Foul Ball, location: 2F 0-2: Ball 1-2: Fly out, F9 (Flyball, 9, EV 98.8 MPH)
|
Top of the 5th over - 0 runs, 0 hits, 0 errors, 1 left on base; Columbia 3 - Delmarva 1 |
BOTTOM OF THE 5TH |
Delmarva Shorebirds batting - Pitching for Columbia Fireflies : RHP Cody Scroggins
|
Batting: RHB Dax Stubbs
|
0-0: Ball 1-0: Called Strike 1-1: Swinging Strike 1-2: DOUBLE (Groundball, 5L, EV 98.1 MPH)
|
Batting: RHB Jim Unknown
|
0-0: Called Strike 0-1: Ball 1-1: Swinging Strike 1-2: Ball 2-2: Strikes out swinging, 2-3 out at first.
|
Batting: LHB Carson Wells
|
0-0: Called Strike 0-1: Swinging Strike 0-2: Ball 1-2: SINGLE (Groundball, 34D, EV 98.8 MPH) Dax Stubbs to third Runner from 3rd tries for Home, SAFE, throw by RF to home
|
Batting: RHB Eric Fagan
|
0-0: Foul Ball, location: 2F 0-1: Fielders Choice at 2nd, 1-6 (Groundball, 13S, EV 66.2 MPH)
|
Batting: RHB Brennan Milone
|
0-0: Foul Ball, location: 2F 0-1: Ball 1-1: Foul Ball, location: 2F 1-2: Foul Ball, location: 2F 1-2: Ground out 1-3 (Groundball, 13S, EV 70.6 MPH)
|
Bottom of the 5th over - 1 run, 2 hits, 0 errors, 1 left on base; Columbia 3 - Delmarva 2 |
TOP OF THE 6TH |
Columbia Fireflies batting - Pitching for Delmarva Shorebirds : RHP Dan Andersen
|
Batting: RHB Austin Wilhite
|
0-0: Called Strike 0-1: Ball 1-1: Ball 2-1: Ground out U3 (Groundball, 3S, EV 81.2 MPH)
|
Batting: LHB Grant Witherspoon
|
0-0: Ball 1-0: Swinging Strike 1-1: Swinging Strike 1-2: Strikes out swinging
|
Batting: RHB Mike J. Torres
|
0-0: SINGLE (Groundball, P, EV 88.1 MPH) (infield hit)
|
Pitching: RHP Alaska Abney
|
|
Batting: RHB Jacob Cooper
|
0-0: Called Strike Mike J. Torres steals 2nd base 0-1: Foul Ball, location: 2F 0-2: Ground out 6-3 (Groundball, 6, EV 88.1 MPH)
|
Top of the 6th over - 0 runs, 1 hit, 0 errors, 1 left on base; Columbia 3 - Delmarva 2 |
BOTTOM OF THE 6TH |
Delmarva Shorebirds batting - Pitching for Columbia Fireflies : RHP Cody Scroggins
|
Batting: LHB Hunter Fitz-Gerald
|
0-0: Ball 1-0: Ball 2-0: Called Strike 2-1: Foul Ball, location: 2F 2-2: Ball 3-2: Strikes out swinging
|
Pitching: RHP Wade Strain
|
|
Batting: LHB Johnny Ceccoli
|
0-0: Foul Ball, location: 2F 0-1: Ball 1-1: Ball 2-1: Ball 3-1: Ground out 4-3 (Groundball, 34, EV 95.6 MPH)
|
Batting: RHB Lians Beato
|
0-0: Called Strike 0-1: Ball 1-1: Ball 2-1: SINGLE (Groundball, 4M, EV 101.9 MPH) (infield hit)
|
Batting: RHB Gilberto Machado
|
0-0: Ball 1-0: Ball 2-0: Foul Ball, location: 2F 2-1: Foul Ball, location: 2F 2-2: Strikes out swinging
|
Bottom of the 6th over - 0 runs, 1 hit, 0 errors, 1 left on base; Columbia 3 - Delmarva 2 |
TOP OF THE 7TH |
Columbia Fireflies batting - Pitching for Delmarva Shorebirds : RHP Alaska Abney
|
Batting: RHB Jay Charleston
|
0-0: Called Strike 0-1: Ball 1-1: Swinging Strike 1-2: Foul Ball, location: 2F 1-2: Foul Ball, location: 2F 1-2: Strikes out swinging
|
Batting: RHB Jaylen Hubbard
|
0-0: Fly out, F3 (Popup, 3S, EV 73.1 MPH)
|
Batting: RHB Braydon Webb
|
0-0: Ball 1-0: Ball 2-0: Ball 3-0: Base on Balls
|
Batting: LHB Spencer Brickhouse
|
0-0: Called Strike 0-1: Ball 1-1: Ball 2-1: Swinging Strike 2-2: Strikes out looking
|
Top of the 7th over - 0 runs, 0 hits, 0 errors, 1 left on base; Columbia 3 - Delmarva 2 |
BOTTOM OF THE 7TH |
Delmarva Shorebirds batting - Pitching for Columbia Fireflies : RHP Wade Strain
|
Batting: RHB Dax Stubbs
|
0-0: Ball 1-0: Foul Ball, location: 2F 1-1: Ball 2-1: Foul Ball, location: 2F 2-2: Foul Ball, location: 2F 2-2: Strikes out swinging
|
Batting: RHB Jim Unknown
|
0-0: Called Strike 0-1: Foul Ball, location: 2F 0-2: Ball 1-2: Strikes out swinging
|
Batting: LHB Carson Wells
|
0-0: SOLO HOME RUN (Flyball, 9D, EV 96.9 MPH) (Inside the Park)
|
Batting: RHB Eric Fagan
|
0-0: Called Strike 0-1: Swinging Strike 0-2: Ball 1-2: Foul Ball, location: 2F 1-2: Strikes out swinging
|
Bottom of the 7th over - 1 run, 1 hit, 0 errors, 0 left on base; Columbia 3 - Delmarva 3 |
TOP OF THE 8TH |
Columbia Fireflies batting - Pitching for Delmarva Shorebirds : RHP Alaska Abney
|
Pitching: RHP Orlando Fulgencio
|
|
Batting: LHB Chris Hamilton
|
0-0: Ball 1-0: Foul Ball, location: 2F 1-1: Ground out 1-3 (Groundball, 13S, EV 61.9 MPH)
|
Batting: RHB Austin Wilhite
|
0-0: Ball 1-0: Ball 2-0: Swinging Strike 2-1: Foul Ball, location: 2F 2-2: Ball 3-2: Strikes out swinging
|
Batting: LHB Grant Witherspoon
|
0-0: Foul Ball, location: 2F 0-1: Ball 1-1: Foul Ball, location: 2F 1-2: SINGLE (Groundball, 56D, EV 106.9 MPH)
|
Batting: RHB Mike J. Torres
|
0-0: Called Strike 0-1: Fielders Choice at 2nd, 6-4 (Groundball, 6, EV 102.5 MPH)
|
Top of the 8th over - 0 runs, 1 hit, 0 errors, 1 left on base; Columbia 3 - Delmarva 3 |
BOTTOM OF THE 8TH |
Delmarva Shorebirds batting - Pitching for Columbia Fireflies : RHP Wade Strain
|
Batting: RHB Brennan Milone
|
0-0: Fly out, F8 (Flyball, 8LD, EV 103.8 MPH)
|
Batting: LHB Hunter Fitz-Gerald
|
0-0: Ball 1-0: Ball 2-0: Called Strike 2-1: Foul Ball, location: 2F 2-2: Strikes out swinging
|
Pitching: LHP John Beller
|
|
Batting: LHB Johnny Ceccoli
|
0-0: Ground out 6-3 (Groundball, 6M, EV 105.6 MPH)
|
Bottom of the 8th over - 0 runs, 0 hits, 0 errors, 0 left on base; Columbia 3 - Delmarva 3 |
TOP OF THE 9TH |
Columbia Fireflies batting - Pitching for Delmarva Shorebirds : RHP Orlando Fulgencio
|
Pitching: LHP Moises Salas
|
|
Pinch Hitting: RHB Jonathan Schiffer
|
0-0: Foul Ball, location: 2F 0-1: Ball 1-1: Ball 2-1: Foul Ball, location: 2F 2-2: Ball 3-2: Base on Balls
|
Batting: RHB Jay Charleston
|
0-0: Called Strike 0-1: Sac Bunt to 15 - play at first, batter OUT! 1-4 Jonathan Schiffer to second
|
Batting: RHB Jaylen Hubbard
|
0-0: Called Strike 0-1: Ball 1-1: Ball 2-1: Ball 3-1: Swinging Strike 3-2: Foul Ball, location: 2F 3-2: Base on Balls
|
Batting: RHB Braydon Webb
|
0-0: Called Strike 0-1: Ball 1-1: SINGLE (Groundball, 56D, EV 104.4 MPH) Jonathan Schiffer to third Jaylen Hubbard to second Runner from 3rd tries for Home, SAFE, throw by LF to home
|
Batting: LHB Spencer Brickhouse
|
0-0: Called Strike 0-1: Ball 1-1: Ball 2-1: Called Strike 2-2: Fly out, F7 (Flyball, 7D, EV 94.4 MPH)
|
Batting: LHB Chris Hamilton
|
0-0: Ground out U3 (Groundball, 3, EV 80.6 MPH)
|
Top of the 9th over - 1 run, 1 hit, 0 errors, 2 left on base; Columbia 4 - Delmarva 3 |
BOTTOM OF THE 9TH |
Delmarva Shorebirds batting - Pitching for Columbia Fireflies : LHP John Beller
|
Pitching: RHP Hunter Ruth
|
|
Now at C: Moises Nunez
|
|
Now at 1B: Zach Kirtley
|
|
Now in RF: Alonzo Medina
|
|
Batting: RHB Lians Beato
|
0-0: Ball 1-0: Called Strike 1-1: Fly out, F9 (Flyball, 9D, EV 103.1 MPH)
|
Pinch Hitting: LHB Tony Gonzalez
|
0-0: Ball 1-0: Ball 2-0: Foul Ball, location: 2F 2-1: SINGLE (Line Drive, 8LS, EV 94.4 MPH)
|
Batting: RHB Dax Stubbs
|
0-0: Ball 1-0: Swinging Strike 1-1: Called Strike 1-2: Strikes out swinging
|
Batting: RHB Elio Prado
|
0-0: Fly out, F8 (Line Drive, 8RM, EV 97.5 MPH)
|
Bottom of the 9th over - 0 runs, 1 hit, 0 errors, 1 left on base; Columbia 4 - Delmarva 3 |
|